Map: King's Cove LE

Players

MaSa

  • Race: Terran Terran
  • League: Master
  • Spawn Location: 11:00

scarlett - Winner!

  • Race: Zerg Zerg
  • League: Master
  • Spawn Location: 5:00

Event: 2019 WCS Winter Americas

VOD

Have the link to the VOD?

Description

Time

  • Played on: March 23, 2019, 2:26 p.m.
  • Length: 23:05

All games in this series

Show
View Real Time Build Order
Export as new Build Order

MaSa Terran 

Build Orders:  

Get SALT Encoding   

  12  0:00  SCV  
  13  0:12  SCV  
  14  0:18  Supply Depot  
  14  0:24  SCV  
  15  0:40  SCV  
  15  0:41  Barracks  
  16  0:46  Refinery  
  16  0:52  SCV  
  17  1:00  Barracks  
  17  1:04  SCV  
  18  1:16  SCV  
  19  1:21  Barracks  
  19  1:28  Reaper  
  20  1:36  Refinery  
  20  1:43  Orbital Command  
  20  1:48  Reaper  
  21  1:56  Supply Depot  
  21  2:03  Reaper  
  22  2:09  SCV  
  23  2:17  Reaper  
  23  2:21  SCV  
  25  2:31  Reaper  
  25  2:33  SCV  
  25  2:35  Reaper  
  28  2:43  Supply Depot  
  28  2:49  Reaper  
  28  2:50  SCV  
  30  3:01  Command Center  
  30  3:04  Reaper  
  31  3:07  SCV  
  31  3:11  Reaper  
  33  3:19  SCV  
  34  3:24  Factory  
  35  3:28  Barracks Reactor  
  35  3:31  SCV  
  34  3:43  SCV  
  34  3:45  Reaper  
  34  3:46  Reaper  
  36  3:55  SCV  
  37  4:00  Command Center  
  37  4:07  SCV  
  38  4:13  Starport  
  38  4:19  SCV  
  38  4:21  Orbital Command  
  38  4:24  Barracks Reactor  
  39  4:26  Reaper  
  39  4:31  Reaper, SCV  
  42  4:44  SCV  
  41  4:51  Hellion x2  
  42  4:57  SCV  
  42  4:59  SCV  
  43  5:01  Refinery x2  
  43  5:05  Viking x2  
  47  5:10  SCV  
  47  5:11  Reaper  
  47  5:12  Hellion  
  52  5:14  SCV  
  52  5:18  Hellion  
  54  5:23  Orbital Command  
  54  5:27  SCV x2  
  56  5:35  Viking x2  
  56  5:39  SCV  
  62  5:42  SCV  
  62  5:48  SCV  
  63  5:52  Armory  
  63  5:53  SCV, Supply Depot  
  63  5:55  SCV  
  65  5:58  Liberator  
  65  6:00  SCV  
  66  6:05  Supply Depot  
  66  6:06  SCV, Supply Depot  
  66  6:08  SCV  
  68  6:15  Hellion x2  
  75  6:18  Viking  
  77  6:27  SCV x2  
  77  6:31  Orbital Command  
  77  6:32  Barracks Tech Lab  
  79  6:34  Factory  
  79  6:35  Factory  
  79  6:39  SCV x2  
  81  6:42  Hellion x2  
  81  6:46  Liberator  
  85  6:51  SCV  
  85  6:53  SCV  
  87  6:56  Barracks Tech Lab, Barracks Reactor  
  87  6:59  Factory  
  85  7:01  Factory  
  88  7:08  SCV  
  88  7:12  Barracks Tech Lab  
  89  7:21  Command Center  
  89  7:22  SCV  
  90  7:25  SCV  
  90  7:27  SCV  
  90  7:28  Refinery x2  
  92  7:34  SCV  
  93  7:38  Terran Vehicle And Ship Armor Level 1, Supply Depot  
  93  7:42  Liberator  
  93  7:48  Armory  
  93  7:56  SCV x2  
  93  7:57  SCV  
  93  7:58  Infernal Pre-Igniter  
  93  8:00  Hellion  
  98  8:08  SCV x2  
  98  8:09  SCV  
  101  8:25  Supply Depot  
  101  8:26  Supply Depot  
  101  8:27  Supply Depot  
  101  8:28  Mag-Field Accelerator  
  101  8:32  Cyclone, SCV x3  
  101  8:33  Hellion x2  
  111  8:39  Hellion x2  
  115  8:42  Engineering Bay, Terran Vehicle Weapons Level 1  
  115  8:44  SCV, Liberator x2  
  115  8:46  SCV x2  
  116  8:57  SCV  
  116  8:58  SCV x2  
  116  8:59  Hellion, Cyclone  
  116  9:00  Hellion, Cyclone  
  135  9:09  SCV  
  137  9:10  SCV x2  
  137  9:14  Planetary Fortress  
  137  9:16  Hellion x2  
  139  9:19  Refinery  
  139  9:21  SCV, Supply Depot  
  139  9:23  Refinery, Supply Depot  
  140  9:26  Supply Depot  
  140  9:40  Hellion  
  140  9:42  Sensor Tower, SCV  
  140  9:43  Hellion, Cyclone x2  
  140  9:44  Cyclone  
  140  9:45  Liberator, SCV  
  144  9:47  Barracks Tech Lab  
  144  9:49  Starport  
  144  9:50  Fusion Core  
  144  9:51  Hellion x2  
  148  9:54  SCV  
  148  9:56  SCV  
  148  9:59  SCV  
  151  10:00  Terran Vehicle And Ship Armor Level 2  
  154  10:07  SCV  
  154  10:08  SCV  
  154  10:14  Command Center, Supply Depot  
  156  10:15  Cyclone  
  156  10:18  Liberator  
  156  10:20  Factory, Cyclone  
  162  10:22  Factory  
  162  10:29  Supply Depot  
  162  10:30  Hellion  
  162  10:32  Supply Depot  
  162  10:34  Liberator  
  162  10:35  Hellion, Cyclone  
  170  10:45  Starport  
  170  10:47  Hellion, Supply Depot  
  170  10:48  Supply Depot  
  172  10:50  Advanced Ballistics  
  172  10:51  Hellion  
  172  10:55  Hellion x2, Liberator  
  181  11:01  Liberator  
  180  11:05  Hellion, Factory Tech Lab, Cyclone  
  180  11:06  Factory Tech Lab  
  187  11:11  Hellion x2  
  187  11:16  Cyclone  
  196  11:22  Hellion  
  184  11:31  Hellion x2, Cyclone x2  
  182  11:32  Cyclone  
  182  11:37  Starport Reactor, Cyclone  
  185  11:43  Factory  
  185  11:51  Refinery  
  185  11:53  Hellion x2, Cyclone  
  165  11:55  Liberator  
  165  11:57  Hellion x2  
  165  12:01  Terran Vehicle Weapons Level 2  
  156  12:03  Cyclone x2, Liberator x2  
  156  12:06  Orbital Command  
  162  12:09  Refinery  
  162  12:13  Liberator  
  165  12:18  Hellion x2  
  165  12:19  Hellion  
  177  12:24  SCV x2  
  179  12:31  Cyclone  
  179  12:36  Cyclone  
  182  12:45  Hellion x3, Cyclone x2  
  182  12:46  Factory Reactor  
  191  12:51  Liberator  
  191  12:53  Hellion x2  
  180  13:04  Cyclone  
  157  13:06  Hellion  
  157  13:07  Hellion x2  
  157  13:08  Cyclone  
  169  13:14  Hellion, Cyclone  
  169  13:17  Cyclone  
  169  13:18  Hellion  
  179  13:24  Command Center, Liberator  
  179  13:25  Hellion  
  181  13:28  Hellion x4  
  187  13:35  Hellion  
  187  13:36  Cyclone  
  187  13:37  Liberator  
  187  13:38  Liberator  
  187  13:39  Cyclone  
  187  13:40  Hellion  
  200  13:51  Liberator  
  200  13:52  Liberator  
  200  13:54  Hellion x2, Cyclone x2  
  178  13:58  Hellion x2  
  160  14:05  Terran Vehicle And Ship Armor Level 3  
  166  14:12  Hellion  
  162  14:17  Terran Vehicle Weapons Level 3  
  162  14:20  Liberator  
  162  14:25  Liberator  
  162  14:32  Hellion x2  
  162  14:33  Hellion  
  171  14:43  Command Center, Liberator  
  174  14:46  Hellion x2  
  174  14:49  Cyclone  
  174  14:51  Raven  
  177  14:58  Hellion, Cyclone  
  182  15:00  Liberator  
  182  15:06  Hellion, Cyclone  
  188  15:12  Liberator  
  188  15:13  Hellion x2, Cyclone  
  193  15:20  Smart Servos  
  194  15:23  Liberator  
  194  15:26  Hellion x3  
  197  15:32  Liberator  
  194  15:44  Hellion x2  
  194  15:45  Raven  
  194  15:46  Corvid Reactor  
  190  15:59  Planetary Fortress  
  190  16:05  Liberator x2  
  190  16:07  Refinery  
  190  16:09  Orbital Command, Refinery  
  190  16:12  Hellion x3  
  185  16:34  Hellion x2, Cyclone  
  185  16:37  Hellion x2, Cyclone x3  
  184  16:40  Liberator  
  184  16:42  Cyclone  
  172  16:53  Hellion x2  
  154  16:55  Hellion  
  154  16:56  Hellion  
  154  17:00  SCV x2  
  157  17:02  Raven  
  157  17:06  Cyclone  
  157  17:07  Liberator  
  162  17:09  Cyclone x2  
  162  17:10  Cyclone  
  162  17:14  Cyclone  
  174  17:22  Hellion x3  
  180  17:24  Command Center  
  180  17:29  Liberator  
  180  17:42  Liberator x2  
  180  17:43  Hellion x3, Cyclone x4  
  181  17:49  Liberator  
  175  17:58  Sensor Tower  
  175  18:04  Raven  
  183  18:05  Starport  
  183  18:11  Terran Ship Weapons Level 1  
  186  18:19  Liberator  
  186  18:20  Cyclone x4  
  186  18:25  Liberator  
  198  18:31  Liberator  
  194  18:35  Hellion x3, Refinery, Cyclone  
  194  18:36  Hellion  
  194  18:37  Refinery  
  194  18:47  Raven  
  195  18:49  Starport Tech Lab, Liberator  
  198  18:57  Hellion x2  
  198  18:58  Hellion  
  198  18:59  Missile Turret  
  198  19:00  Orbital Command  
  198  19:02  Liberator  
  185  19:19  Hellion x3, Cyclone x2  
  185  19:23  Refinery  
  200  19:35  Hi-Sec Auto Tracking  
  200  19:37  Missile Turret x2  
  197  19:39  Hellion, Missile Turret  
  197  19:44  Liberator  
  189  19:46  Hellion x3, Cyclone x2  
  189  19:52  Hellion x2, Cyclone  
  180  19:53  Cyclone  
  180  19:58  Missile Turret  
  191  20:00  Battlecruiser x2, Missile Turret  
  191  20:02  Hellion x2  
  180  20:07  Hellion  
  180  20:08  Hellion x2  
  186  20:14  Terran Ship Weapons Level 2  
  186  20:18  Cyclone x2  
  190  20:22  Liberator  
  190  20:28  Hellion x3, Cyclone x3  
  188  20:32  Neosteel Armor  
  187  20:38  Missile Turret  
  187  20:39  Hellion x3  
  192  20:49  Hellion x2  
  171  20:50  Hellion, Cyclone  
  171  20:51  Cyclone  
  167  20:58  Weapon Refit  
  167  21:00  Hellion x3, Cyclone x3  
  167  21:01  Liberator  
  167  21:02  Liberator  
  180  21:11  Hellion x3  
  175  21:20  Battlecruiser  
  175  21:21  Hellion  
  175  21:22  Hellion x2, Cyclone  
  175  21:23  Cyclone  
  199  21:31  Command Center  
  190  21:34  Refinery  
  190  21:38  Battlecruiser  
  178  21:48  Hellion x3  
  178  21:49  Hellion x2  
  178  21:53  Liberator  
  172  21:54  Hellion x2  
  172  21:57  Liberator  
  172  22:00  Liberator  
  151  22:03  Hellion  
  151  22:06  Orbital Command  
  162  22:24  Hellion  
  162  22:25  Missile Turret  
  170  22:32  Hellion x3  
  176  22:43  Hellion x3  
Show
View Real Time Build Order
Export as new Build Order

scarlett Zerg - Winner!

Build Orders: Hatch First 

Get SALT Encoding   

  12  0:00  Drone  
  13  0:12  Overlord  
  13  0:18  Drone  
  14  0:31  Drone x2  
  16  0:49  Hatchery  
  15  0:52  Drone  
  15  0:56  Drone  
  17  1:00  Drone  
  18  1:10  Extractor  
  17  1:15  Spawning Pool  
  17  1:18  Drone  
  17  1:21  Drone  
  18  1:28  Drone  
  19  1:39  Drone  
  20  1:51  Drone  
  21  2:01  Queen x2  
  21  2:02  Zergling x2  
  21  2:03  Zergling x2  
  27  2:17  Hatchery  
  26  2:23  Metabolic Boost  
  26  2:30  Overlord  
  26  2:35  Drone  
  26  2:36  Drone  
  28  2:48  Queen  
  28  2:49  Drone x2  
  32  2:54  Zergling x2  
  32  2:57  Overlord  
  33  3:00  Drone  
  34  3:07  Drone x2  
  36  3:15  Queen, Overlord  
  36  3:19  Zergling x2  
  39  3:20  Zergling x2  
  39  3:26  Queen  
  40  3:30  Overlord  
  40  3:31  Zergling x2  
  43  3:45  Drone  
  43  3:48  Drone x4  
  46  3:55  Queen  
  47  3:57  Drone x3  
  47  3:58  Drone x2  
  52  4:04  Queen  
  54  4:10  Zergling x4  
  54  4:16  Zergling x6  
  59  4:19  Overlord  
  59  4:24  Hatchery  
  59  4:29  Overlord  
  59  4:30  Zergling x2  
  54  4:49  Zergling x14  
  58  4:55  Drone  
  58  4:56  Queen  
  58  4:59  Extractor  
  59  5:00  Extractor  
  59  5:01  Evolution Chamber x2  
  59  5:02  Drone  
  57  5:10  Drone  
  58  5:19  Drone x2  
  60  5:22  Drone  
  60  5:24  Drone  
  60  5:26  Drone x3  
  60  5:27  Zerg Melee Weapons Level 1  
  60  5:28  Drone x3  
  68  5:35  Zerg Ground Armor Level 1  
  68  5:36  Drone, Overlord  
  68  5:42  Drone, Baneling Nest  
  69  5:47  Drone x2  
  71  5:51  Overlord  
  71  5:59  Drone x7  
  78  6:06  Lair  
  78  6:15  Drone  
  78  6:16  Drone x7  
  78  6:17  Spore Crawler  
  85  6:27  Baneling x5  
  85  6:28  Overlord x2, Baneling x2  
  85  6:31  Spore Crawler  
  85  6:32  Extractor x2  
  82  6:42  Overlord  
  82  6:48  Drone  
  82  6:49  Drone x10  
  82  6:52  Extractor  
  92  7:01  Overlord  
  92  7:05  Overseer  
  92  7:10  Hydralisk Den, Overlord  
  92  7:11  Drone x6  
  92  7:13  Spore Crawler  
  96  7:19  Overlord x2  
  96  7:21  Zergling x10  
  101  7:22  Zerg Melee Weapons Level 2  
  101  7:29  Queen x3, Zerg Missile Weapons Level 1  
  107  7:37  Overlord x2  
  107  7:38  Overlord x2  
  107  7:47  Muscular Augments  
  107  7:50  Hatchery, Hydralisk x2  
  108  7:56  Drone x2  
  106  8:02  Drone x7  
  109  8:11  Infestation Pit  
  108  8:13  Hydralisk x3  
  114  8:22  Hydralisk x4  
  114  8:25  Overlord  
  122  8:31  Drone x5  
  127  8:37  Drone x3  
  129  8:43  Extractor  
  129  8:46  Spore Crawler  
  129  8:47  Extractor  
  126  8:49  Drone x8  
  126  8:51  Hive  
  134  9:00  Hydralisk x4  
  142  9:09  Grooved Spines  
  141  9:11  Queen  
  141  9:16  Hydralisk x4  
  147  9:18  Centrifical Hooks  
  147  9:25  Drone  
  147  9:28  Hydralisk x4  
  156  9:36  Drone x8  
  159  9:45  Spore Crawler  
  155  9:46  Zerg Missile Weapons Level 2  
  155  9:53  Hatchery  
  155  9:55  Overlord  
  155  9:56  Overlord  
  155  9:57  Overlord  
  154  10:04  Viper x4  
  166  10:09  Viper  
  166  10:10  Viper x2  
  175  10:18  Zergling x12  
  181  10:22  Extractor  
  181  10:23  Hydralisk x3  
  181  10:26  Extractor  
  185  10:30  Drone x2  
  185  10:32  Hydralisk x2, Evolution Chamber  
  185  10:34  Evolution Chamber  
  188  10:48  Drone x3  
  188  10:49  Drone x3  
  194  10:50  Zerg Melee Weapons Level 3  
  194  10:52  Adrenal Glands  
  194  10:53  Spire  
  193  10:57  Extractor, Drone x3  
  177  11:33  Pathogen Glands  
  177  11:43  Overseer x4  
  177  11:45  Pneumatized Carapace  
  177  11:51  Hydralisk x9  
  177  11:52  Hydralisk  
  175  11:58  Hatchery  
  175  12:00  Viper x3  
  175  12:01  Hydralisk x5  
  184  12:09  Greater Spire  
  184  12:13  Overlord  
  184  12:15  Hatchery  
  183  12:24  Hydralisk x8  
  183  12:27  Evolution Chamber  
  183  12:28  Evolution Chamber  
  183  12:29  Extractor  
  196  12:31  Extractor  
  196  12:32  Zergling x8  
  196  12:34  Extractor  
  195  12:50  Drone x7  
  195  12:51  Drone  
  177  13:01  Hydralisk x11  
  190  13:07  Corruptor x3  
  196  13:15  Drone x3  
  197  13:37  Corruptor  
  199  13:42  Zerg Missile Weapons Level 3, Zerg Ground Armor Level 2  
  199  13:43  Zerg Flyer Weapons Level 1  
  190  14:00  Drone x3  
  188  14:03  Drone  
  188  14:04  Drone x3, Overlord x2  
  188  14:05  Overlord  
  189  14:11  Evolution Chamber  
  189  14:12  Evolution Chamber  
  189  14:15  Spore Crawler  
  189  14:16  Spore Crawler  
  185  14:19  Overlord  
  185  14:25  Spore Crawler  
  184  14:37  Burrow  
  184  14:41  Overlord  
  184  14:55  Drone x3  
  184  14:56  Evolution Chamber  
  184  14:59  Evolution Chamber  
  185  15:02  Drone x5  
  185  15:03  Spine Crawler  
  185  15:07  Spine Crawler  
  173  15:27  Corruptor x9  
  185  15:32  Queen, Spore Crawler  
  185  15:34  Drone x3  
  185  15:38  Spine Crawler x2  
  185  15:39  Infestor  
  185  15:40  Infestor x3  
  185  15:41  Hydralisk x4  
  199  15:55  Zerg Flyer Armor Level 1  
  199  15:58  Spire  
  199  16:00  Drone  
  199  16:09  Zerg Ground Armor Level 3  
  176  16:42  Viper  
  176  16:43  Viper x4  
  176  16:45  Hydralisk x15  
  196  16:53  Drone  
  178  16:56  Hydralisk  
  178  16:57  Hydralisk x6  
  184  17:12  Zerg Flyer Weapons Level 2  
  184  17:13  Neural Parasite  
  184  17:16  Zergling x6  
  184  17:18  Hydralisk  
  184  17:19  Hydralisk x5  
  184  17:44  Hydralisk x9  
  198  17:54  Infestor  
  200  18:00  Baneling x5  
  199  18:21  Infestor  
  186  18:43  Drone x3  
  189  18:57  Infestor x3  
  189  18:59  Hydralisk x6  
  195  19:19  Hydralisk x5  
  188  19:58  Evolution Chamber, Hydralisk x6  
  199  20:00  Evolution Chamber  
  199  20:02  Evolution Chamber  
  191  20:24  Hatchery  
  176  20:29  Brood Lord x3  
  176  20:30  Brood Lord x6  
  176  20:34  Viper  
  176  20:35  Hydralisk x2  
  197  20:36  Zergling x2  
  197  20:42  Spore Crawler  
  195  20:43  Spore Crawler  
  195  20:44  Spore Crawler  
  166  20:52  Hydralisk x11  
  166  20:55  Hydralisk x3  
  166  20:56  Hydralisk x6  
  198  21:01  Drone  
  198  21:02  Spine Crawler  
  198  21:03  Spine Crawler  
  194  21:08  Hydralisk x3  
  198  21:19  Drone  
  198  21:20  Drone  
  199  21:36  Evolution Chamber  
  199  21:37  Evolution Chamber  
  199  21:38  Evolution Chamber  
  190  21:51  Extractor  
  190  21:54  Extractor  
  181  21:56  Hydralisk x9  
  181  22:00  Infestor  
  181  22:01  Infestor x7  
  200  22:10  Spine Crawler  
  199  22:33  Overseer x6  
  199  22:37  Hatchery  
Tags
 
Add a new tag
Caveats
  • Supply blocks, unpowered buildings, or Contaminate may cause inaccurate times.
  • Supply counts are checked every 10 seconds.